 Dungeon Crawl Stone Soup version 0.26-a0-812-g31a745ddcd (webtiles) character file.

Game seed: 8981424953594844221

40 lorenzova the Conjurer (level 3, -1/19 HPs)
             Began as a Deep Elf Conjurer on Dec 4, 2020.
             Engulfed by a cloud of flame (20 damage)
             ... on level 2 of the Dungeon.
             The game lasted 00:01:50 (1409 turns).

lorenzova the Conjurer (Deep Elf Conjurer)          Turns: 1409, Time: 00:01:50

Health: -1/19      AC:  2    Str:  4    XL:     3   Next: 30%
Magic:  10/10      EV: 13    Int: 23    God:
Gold:   49         SH:  0    Dex: 13    Spells: 7/10 levels left

rFire    . . .     SeeInvis .   (no weapon)
rCold    . . .     Faith    .   (no shield)
rNeg     . . .     Spirit   .   a - +0 robe
rPois    .         Reflect  .   (no helmet)
rElec    .         Harm     .   (no cloak)
rCorr    .         Rampage  .   (no gloves)
MR       .....                  (no boots)
Stlth    ++........             (no amulet)
HPRegen  0.06/turn              (no ring)
MPRegen  0.12/turn              (no ring)

@: no status effects
A: no striking features
a: no special abilities


You were on level 2 of the Dungeon.
You visited 1 branch of the dungeon, and saw 2 of its levels.

You collected 49 gold pieces.

Inventory:

Armour
 a - a +0 robe (worn)
Scrolls
 c - a scroll of amnesia {unknown}
 d - a scroll of fear {unknown}
 e - 2 scrolls of blinking {unknown}
 f - a scroll of teleportation {unknown}
 g - 2 scrolls of identify {unknown}
Potions
 b - 2 potions of haste {unknown}


   Skills:
 - Level 2.4 Dodging
 - Level 2.4 Stealth
 + Level 4.2 Spellcasting
 + Level 5.1 Conjurations


You had 7 spell levels left.
You knew the following spells:

 Your Spells              Type           Power        Failure   Level
a - Magic Dart            Conj           ####         1%          1
b - Searing Ray           Conj           ####..       1%          2

Your spell library contained the following spells:

 Spells                   Type           Power        Failure   Level
 Dazzling Flash           Conj/Hex       ###...       11%         3
 Fulminant Prism          Conj/Hex       ###.......   34%         4
 Iskenderun's Mystic Bla  Conj/Tloc      ###.....     34%         4


Dungeon Overview and Level Annotations

Branches:
Dungeon (2/15)

Altars:
Dithmenos
Vehumet


Message History

Aiming: Magic Dart (safe; 1% risk of failure)
Press: ? - help, Shift-Dir - straight line, f/p - kobold
Aim: a kobold (heavily wounded)
The magic dart hits the kobold.
You kill the kobold!
Casting: Magic Dart (safe; 1% risk of failure)
Confirm with . or Enter, or press ? or * to list all spells.
You can't see any susceptible monsters within range! (Use Z to cast anyway.)
You start resting.
Magic restored.
You see here a kobold corpse.
You now have 49 gold pieces (gained 14).
Found a radiant altar of Vehumet.
g - 2 scrolls labelled MOBEURH OTHROLI (gained 1) You're in a travel-excluded area, stopping explore.
You're in a travel-excluded area, stopping explore.
You're in a travel-excluded area, stopping explore.
You are engulfed in blazing flames.
Ouch! That really hurt!
You die...

#.#†#.#####
..#.....#...#
#..###<..#...# #..#
#.#.#...####
###..###.#.#.......
#..☼..##.#.......##
######.○§..#..#...#...##
.......§_..#.....###....
#..@○☼.#.##).###..##
#.....☼#.###..#..###
####......##.....##.
##...............
#...##.........#
#..####..._...##
#...##.........#
#...............
#.....##.....##.


There were no monsters in sight!

Vanquished Creatures
  An ooze (D:2)
  2 worms (D:2)
  2 dart slugs (D:1)
  A leopard gecko (D:1)
  A giant cockroach (D:1)
  3 hobgoblins
  3 kobolds
  A ball python (D:1)
  5 bats (D:1)
  2 frilled lizards (D:1)
  2 goblins (D:1)
  6 rats (D:1)
29 creatures vanquished.

Vanquished Creatures (others)
  20 plants (D:2)
20 creatures vanquished.

Grand Total: 49 creatures vanquished

Notes
Turn   | Place    | Note
-------+----------+-------------------------------------------
     0 | D:1      | lorenzova the Deep Elf Conjurer began the quest for the
                  | Orb.
     0 | D:1      | Reached XP level 1. HP: 10/10 MP: 6/6
   226 | D:1      | Reached XP level 2. HP: 15/15 MP: 4/8
   265 | D:1      | Learned a level 2 spell: Searing Ray
  1137 | D:2      | Reached skill level 5 in Conjurations
  1137 | D:2      | Reached XP level 3. HP: 19/19 MP: 4/10
  1283 | D:2      | Found a shadowy altar of Dithmenos.
  1401 | D:2      | Found a radiant altar of Vehumet.
  1409 | D:2      | Engulfed by a cloud of flame

Illustrated notes

Levels and vault maps discovered:
D:1:      shiori_arrival_elements, layout_loops_ring, minivault_25,
          grunt_decor_clamped
D:2:      minmay_chambers_of_twos, layout_basic, nicolae_gozag_seed_capital,
          fiery_altar_vehumet, nicolae_ru_sacrificial_ziggurat,
          nicolae_dithmenos_shadow_blocks,
          chequers_ecumenical_altar_simple_redux, serial_bayou,
          serial_bayou_lake_a, serial_bayou_ford_a, serial_bayou_shore_a,
          serial_bayou_crossing, serial_bayou_pond_e, serial_bayou_pond_d

Skill      XL: |  1  2 |
---------------+-------+-----
Spellcasting   | 4 |  4.2
Conjurations   | 5 |  5.1
Dodging        | |  2.4
Stealth        | |  2.4

Action                   || total
-------------------------++-------
 Cast: Magic Dart        ||    48
       Searing Ray       ||     3
Dodge: Dodged            ||     4

Table legend: (Time is in decaauts)
 A = Elapsed time spent in this place.
 B = Non-inter-level travel time spent in this place.
 C = Inter-level travel time spent in this place.
 D = Time resting spent in this place.
 E = Time spent auto-exploring this place.
 F = Levels seen in this place.
 G = Mean time per level.
                   A        B        C        D        E       F      G
               +--------+--------+--------+--------+--------+-----+--------+
         Total |   1408 |   1367 |     41 |    431 |    835 |   2 |  704.0 |
       Dungeon |   1408 |   1367 |     41 |    431 |    835 |   2 |  704.0 |
               +--------+--------+--------+--------+--------+-----+--------+

Top non-repeatable levels by time:
     D:1: 1132 daAuts
     D:2: 276 daAuts
